 Dungeon Crawl Stone Soup version 0.26-a0-597-gb535b0901c (webtiles) character file.

Game seed: 4314686985999010962

27 kae the Skirmisher (level 2, -4/24 HPs)
             Began as a Demonspawn Abyssal Knight on Aug 27, 2020.
             Was a Follower of Lugonu.
             Slain by a worm (11 damage)
             ... on level 2 of the Dungeon.
             The game lasted 00:00:44 (987 turns).

kae the Skirmisher (Demonspawn Abyssal Knight)       Turns: 987, Time: 00:00:44

Health: -4/24      AC:  3    Str: 12    XL:     2   Next: 93%
Magic:  4/4        EV: 11    Int: 13    God:    Lugonu [*.....]
Gold:   49         SH:  0    Dex: 12    Spells: 1/1 levels left

rFire    . . .     SeeInvis .   a - +1 mace
rCold    . . .     Faith    .   (no shield)
rNeg     . . .     Spirit   .   b - +0 leather armour
rPois    .         Reflect  .   (no helmet)
rElec    .         Harm     .   (no cloak)
rCorr    .                      (no gloves)
MR       .....                  (no boots)
Stlth    +.........             (no amulet)
HPRegen  0.08/turn              (no ring)
MPRegen  0.09/turn              (no ring)

@: no status effects
A: powered by pain 1
a: Depart the Abyss, Renounce Religion


You were on level 2 of the Dungeon.
You worshipped Lugonu.
Lugonu was aware of your devotion.
You visited 1 branch of the dungeon, and saw 2 of its levels.
You visited the Abyss 1 time.

You collected 49 gold pieces.

Inventory:

Hand Weapons
 a - a +1 mace (weapon)
Armour
 b - a +0 leather armour (worn)
Scrolls
 c - 4 scrolls of identify {unknown}
 d - 2 scrolls of remove curse {unknown}
 e - a scroll of noise {unknown}
 f - a scroll of random uselessness {unknown}
 g - a scroll of enchant weapon {unknown}
Potions
 h - a potion of might {unknown}


   Skills:
 + Level 3.2 Fighting
 + Level 2.1 Maces & Flails
 + Level 2.1 Armour
 + Level 1.3 Dodging
 + Level 2.9 Invocations


You had one spell level left.
You didn't know any spells.
Your spell library was empty.

Dungeon Overview and Level Annotations

Branches:
Dungeon (1/15)

Altars:


Innate Abilities, Weirdness & Mutations

You sometimes gain a little power by taking damage.


Message History

The worm is severely wounded.
The goblin barely misses you. The goblin hits you but does no damage.
You hit the worm.
The worm is almost dead.
The worm closely misses you. The goblin hits you.
You barely miss the worm.
The worm is almost dead.
The goblin barely misses you. The worm barely misses you.
You hit the worm.
The worm is almost dead.
The goblin barely misses you. The rat barely misses you. The worm bites you.
The goblin hits you.
* * * LOW HITPOINT WARNING * * *
You completely miss the worm.
The worm is almost dead.
The rat barely misses you. The goblin misses you. The rat barely misses you.
You barely miss the worm.
The worm is almost dead.
The worm bites you!
You die...

#. #####...
#.###...... .
.........###
..#
..#.#.#...
#...#.......#
.$....#.#.#.#
#...wr....#
#.#@#.#.#
#.g.†...#
#####.###
#...###
##....# #.
#....### #.
#......## #.
#....#..## #.
#....##..# #.


You could see a worm, a goblin and a rat.

Vanquished Creatures
  2 leopard geckos (D:2)
  A bat (D:2)
  2 giant cockroaches
  4 goblins
  5 hobgoblins
  2 kobolds
  A ball python (D:1)
  A frilled lizard (D:1)
  4 rats
22 creatures vanquished.

Notes
Turn   | Place    | Note
-------+----------+-------------------------------------------
     0 | Abyss:1  | kae the Demonspawn Abyssal Knight began the quest for the
                  | Orb.
     0 | Abyss:1  | Reached XP level 1. HP: 18/18 MP: 2/2
   148 | Abyss:1  | Noticed a smoke demon
   159 | D:1      | Escaped the Abyss
   191 | D:1      | Reached skill level 1 in Dodging
   334 | D:1      | Gained mutation: You sometimes gain a little power by
                  | taking damage. [demonic ancestry]
   334 | D:1      | Reached XP level 2. HP: 13/24 MP: 4/4
   513 | D:1      | Reached * piety under Lugonu
   697 | D:1      | You fall into a shaft and drop 1 floor!
   987 | D:2      | Slain by a worm

Illustrated notes

Levels and vault maps discovered:
D:1:      dpeg_arrival_round_a, layout_loops_ring
D:2:      layout_rooms, serial_glass, glass_columns_b, glass_columns_b,
          glass_columns_b, uniq_sigmund

Skill      XL: |  1  2 |
---------------+-------+-----
Dodging        | 1 |  1.3
Maces & Flails | 2 |  2.1
Armour         | 2 |  2.1
Fighting       | |  3.2
Invocations    | |  2.9

Action                   || total
-------------------------++-------
Melee: Mace              ||    73
Invok: Depart the Abyss  ||     1
Armor: Leather armour    ||    25
Dodge: Dodged            ||    55

Table legend: (Time is in decaauts)
 A = Elapsed time spent in this place.
 B = Non-inter-level travel time spent in this place.
 C = Inter-level travel time spent in this place.
 D = Time resting spent in this place.
 E = Time spent auto-exploring this place.
 F = Levels seen in this place.
 G = Mean time per level.
                   A        B        C        D        E       F      G
               +--------+--------+--------+--------+--------+-----+--------+
         Total |   1008 |   1008 |      0 |    435 |    397 |   3 |  336.0 |
       Dungeon |    849 |    849 |      0 |    435 |    249 |   2 |  424.5 |
         Abyss |    159 |    159 |      0 |      0 |    148 |   1 |  159.0 |
               +--------+--------+--------+--------+--------+-----+--------+

Top non-repeatable levels by time:
     D:1: 547 daAuts
     D:2: 302 daAuts
 Abyss:1: 159 daAuts
